 Dungeon Crawl Stone Soup version 0.30.1-9-gdf580d7c3d (webtiles) character file.

Game seed: 8488189709809130908

37 sizableburger the Trooper (level 3, -1/30 HPs)
             Began as a Human Monk on Sept 25, 2023.
             Slain by a quokka (4 damage)
             ... on level 2 of the Dungeon.
             The game lasted 00:01:23 (990 turns).

sizableburger the Trooper (Human Monk)               Turns: 990, Time: 00:01:24

Health: -1/30      AC:  2    Str: 11    XL:     3   Next: 60%
Magic:  3/3        EV: 13    Int: 12    God:
Gold:   89         SH:  0    Dex: 15    Spells: 2/2 levels left

rFire   . . .        a - +0 spear
rCold   . . .        d - orb {light}
rNeg    . . .        b - +0 robe
rPois   .            (no helmet)
rElec   .            (no cloak)
rCorr   .            (no gloves)
SInv    .            (no boots)
Will    .....        (no amulet)
Stlth   +            (no ring)
HPRegen 0.25/turn    (no ring)
MPRegen 0.08/turn

%: no passive effects
@: glowing
A: no striking features
a: no special abilities


You were on level 2 of the Dungeon.
You visited 1 branch of the dungeon, and saw 2 of its levels.

You collected 89 gold pieces.

Inventory:

Hand Weapons
 a - a +0 spear (weapon)
Armour
 b - a +0 robe (worn)
 d - an orb of light (worn)
Scrolls
 f - 2 scrolls of torment {unknown}
 g - a scroll of identify {unknown}
 h - a scroll of amnesia {unknown}
 i - 2 scrolls of teleportation {unknown}
Potions
 c - a potion of ambrosia
 e - a potion of magic {unknown}
 j - a potion of flight {unknown}


   Skills:
 + Level 3.7 Fighting
 + Level 3.6 Polearms
 - Level 3.0 Dodging


You had 2 spell levels left.
You didn't know any spells.
Your spell library contained the following spells:

 Spells                   Type           Power      Damage    Failure   Level
 Apportation              Tloc           0%         N/A       32%         1
 Necrotise                Necr           0%         1d4       32%         1
 Summon Small Mammal      Summ           0%         N/A       32%         1


Dungeon Overview and Level Annotations

Branches:
Dungeon (2/15)

Altars:


Message History

The adder is almost dead.
The bat closely misses you. The adder bites you.
You hit the adder.
You kill the adder!
The bat hits you. The quokka barely misses you.
You closely miss the quokka.
The quokka bites you but does no damage.
You hit the bat but do no damage. The bat hits you.
The bat hits you but does no damage.
The quokka bites you but does no damage.
You hit the bat.
The bat is severely wounded.
The bat completely misses you. The bat misses you. The quokka bites you.
You are too injured to fight recklessly!
You are too injured to fight recklessly!
You are too injured to fight recklessly!
You are too injured to fight recklessly!
You are too injured to fight recklessly!
You are too injured to fight recklessly!
You are too injured to fight recklessly!
You are too injured to fight recklessly!
You are too injured to fight recklessly!
Unknown command.
You hit the bat.
You kill the bat!
A rat comes into view.
The quokka bites you.
You barely miss the quokka. The quokka misses you.
You barely miss the quokka. The quokka bites you.
* * * LOW HITPOINT WARNING * * *
You closely miss the quokka. The quokka closely misses you.
The quokka barely misses you.
You hit the quokka but do no damage.
A worm comes into view.
The quokka bites you.
* * * LOW HITPOINT WARNING * * *
You hit the quokka.
The quokka is severely wounded.
The quokka bites you.
You die...

#. ##.########
#.........# 8
#.........#..
#............
+.......$....
#...†..r(....
#....@....>.$
#...<.r......
#............
#........:...
.....>........
##.............
#......!####..
w<......# ~~
#........#


You could see a worm, a quokka and a rat.

Vanquished Creatures
  An adder (D:2)
  6 bats
  4 endoplasms (D:1)
  A giant cockroach (D:1)
  A goblin (D:1)
  4 hobgoblins (D:1)
  2 ball pythons (D:1)
  2 frilled lizards (D:1)
  4 kobolds (D:1)
  2 rats (D:1)
27 creatures vanquished.

Notes
Turn   | Place    | Note
-------+----------+-------------------------------------------
     0 | D:1      | sizableburger the Human Monk began the quest for the Orb.
     0 | D:1      | Reached XP level 1. HP: 18/18 MP: 1/1
   108 | D:1      | Reached XP level 2. HP: 24/24 MP: 2/2
   458 | D:1      | Reached XP level 3. HP: 23/29 MP: 3/3
   990 | D:2      | Slain by a quokka

Illustrated notes

Levels and vault maps discovered:
D:1:      dpeg_arrival_arbitrary_a, layout_basic, hex_tiny
D:2:      layout_basic, serial_rivers, chequers_serial_rivers_micro_a,
          chequers_serial_rivers_small_3, chequers_serial_rivers_room_a,
          chequers_serial_rivers_small_a, chequers_serial_rivers_small_b,
          chequers_decorated_corner, minmay_pentomino_z2, uniq_terence

Action                     || total
---------------------------++-------
  Melee: Spear             ||   100
   Stab: Sleeping          ||     1
 Armour: Robe              ||    14
  Dodge: Dodged            ||    43
